 Dungeon Crawl Stone Soup version 0.29-a0-289-g2178c42546 (webtiles) character file.

Game seed: 17740736559392101772

452 Dabor the Skirmisher (level 6, -3/56 (62) HPs)
             Began as a Troll Fighter on Mar 17, 2022.
             Was a Priest of Jiyva.
             Slain by a wight
             ... wielding a +2 long sword
              (10 damage)
             ... on level 5 of the Dungeon.
             The game lasted 00:06:23 (2633 turns).

Dabor the Skirmisher (Troll Fighter)                Turns: 2633, Time: 00:06:24

HP:   -3/56 (62)    AC:  4    Str: 27    XL:     6   Next: 75%
MP:   5/5           EV:  9    Int:  4    God:    Jiyva [***...]
Gold: 188           SH:  7    Dex:  9    Spells: 5/5 levels left

rFire   . . .      SeeInvis .   n - +1 whip (elec)
rCold   . . .      Faith    +   c - +0 kite shield
rNeg    + . .      Spirit   .   b - +0 robe
rPois   .          Reflect  .   (helmet restricted)
rElec   .          Harm     .   (no cloak)
rCorr   +          Rampage  .   (gloves unavailable)
Will    .....                   (boots unavailable)
Stlth   +.........              o - amulet of faith
HPRegen 2.10/turn               m - ring of positive energy
MPRegen 0.44/turn               (no ring)

@: drained
A: large, unfitting armour, claws 3, regeneration 1, shaggy fur 1, tough skin 1
a: Renounce Religion, Oozemancy


You were on level 5 of the Dungeon.
You worshipped Jiyva.
Jiyva was most pleased with you.
You visited 1 branch of the dungeon, and saw 5 of its levels.

You collected 188 gold pieces.

Inventory:

Hand Weapons
 a - a +0 flail
 n - a +1 whip of electrocution (weapon)
Missiles
 k - 3 poisoned darts (quivered)
Armour
 b - a +0 robe (worn)
 c - a +0 kite shield (worn)
Jewellery
 m - a ring of positive energy (left claw)
 o - an amulet of faith (around neck)
 q - a ring of see invisible
Scrolls
 e - a scroll of teleportation
 g - 2 scrolls of identify
 i - a scroll of immolation
 p - a scroll of enchant weapon
Potions
 f - a potion of lignification {unknown}
 j - a potion of ambrosia {unknown}
 l - a potion of attraction {unknown}


   Skills:
 + Level 3.8 Fighting
 + Level 3.6 Maces & Flails
 + Level 2.1 Armour
 + Level 3.7 Dodging
 - Level 2.9 Shields


You had 5 spell levels left.
You didn't know any spells.
Your spell library contained the following spells:

 Spells                   Type           Power      Damage    Failure   Level
 Gell's Gravitas          Tloc           0%         N/A       99%         3
 Teleport Other           Tloc           0%         N/A       99%         3
 Dispersal                Tloc           0%         N/A       100%        6


Dungeon Overview and Level Annotations

Branches:
Dungeon (5/15)
 Temple: D:4-7

Altars:
Gozag
Trog
Wu Jian
Jiyva


Innate Abilities, Weirdness & Mutations

You are too large for most types of armour.
You have claws for hands.
Your natural rate of healing is unusually fast.
You are covered in fur. (AC +1)
You have tough skin. (AC +1)


Message History

You partially resist.
You feel drained. The wight freezes you.
You hit the wight but do no damage.
The wight is lightly damaged.
The wight closely misses you. The wight hits you with a +0 dagger.
You partially resist.
You feel drained. You block the wight's attack.
You hit the wight but do no damage. Lightning courses through the wight!!
You destroy the wight!
The wight hits you with a +0 dagger.
The wight hits you with a +2 long sword.
You closely miss the wight. The wight barely misses you.
The wight hits you with a +0 dagger. You partially resist.
You feel drained. You block the wight's attack.
The wight hits you with a +2 long sword!
You partially resist.
You feel drained.
The wight hits you with a +2 long sword!
You partially resist.
You feel drained.
* * * LOW HITPOINT WARNING * * *
The wight attacks as you move away! The wight hits you with a +0 dagger.
* * * LOW HITPOINT WARNING * * *
The orc wizard shouts!
You hear a shout!
You barely miss the wight.
The wight hits you with a +2 long sword!
* * * LOW HITPOINT WARNING * * *
You partially resist.
You feel drained. The orc wizard casts a spell at you.
You are confused.
You're too confused to move!
The wight hits you with a +2 long sword.
* * * LOW HITPOINT WARNING * * *
You feel better.
The wight hits you with a +2 long sword.
* * * LOW HITPOINT WARNING * * *
You partially resist.
You feel drained.
* * * LOW HITPOINT WARNING * * *
You whack the wight!
The wight is heavily damaged.
The orc shoots a sling bullet.
The sling bullet hits you.
* * * LOW HITPOINT WARNING * * *
The wight hits you with a +2 long sword!
You die...

#........#.#... .....
#..#.....#.####....... #
#........#.# ##.
......#....#.. .....
#....#.# # o... #....###
#! ..... #....# . #.#
............####.###....
#.#.
...........o@zz........
..#.#
...........####)#...###
##.#. ......... #.#.#.#
##.# ........ ... . #
.#. #.o.### .####. .#
#)≈.# ## #' . #)≈.# #.
#.≈.# #.≈.#


You could see 2 wights, an orc wizard and an orc.

Vanquished Creatures
  2 scorpions (D:4)
  2 wights (D:5)
  An orc priest (D:4)
  2 orc wizards (D:4)
  6 adders
  3 gnolls
  An ufetubus (D:5)
  A worm (D:4)
  4 dart slugs
  13 orcs
  2 endoplasms (D:1)
  A giant cockroach (D:2)
  8 goblins
  5 hobgoblins
  7 jackals
  6 quokkas
  2 ball pythons
  8 bats
  5 frilled lizards
  8 kobolds
  6 rats
93 creatures vanquished.

Vanquished Creatures (others)
  A jelly (D:4)
  An iguana (D:4)
  A gnoll (D:4)
  A dart slug (D:4)
  2 endoplasms (D:4)
  A goblin (D:4)
  A quokka (D:4)
  6 plants (D:5)
14 creatures vanquished.

Grand Total: 107 creatures vanquished

Notes
Turn   | Place    | Note
-------+----------+-------------------------------------------
     0 | D:1      | Dabor the Troll Fighter began the quest for the Orb.
     0 | D:1      | Reached XP level 1. HP: 22/22 MP: 0/0
   105 | D:1      | Reached XP level 2. HP: 29/29 MP: 1/1
   232 | D:1      | Reached XP level 3. HP: 33/36 MP: 2/2
   754 | D:2      | Reached XP level 4. HP: 39/44 MP: 3/3
  1243 | D:3      | Found a faded altar of an unknown god.
  1251 | D:3      | Prayed at the altar of an unknown god.
  1251 | D:3      | Became a worshipper of Jiyva Jajaqes the Shapeless
  1251 | D:3      | Reached * piety under Jiyva
  1423 | D:3      | Found an ornate altar of the Wu Jian Council.
  1686 | D:4      | Noticed a scorpion
  1691 | D:4      | Killed a scorpion
  1692 | D:4      | Reached skill level 1 in Armour
  1692 | D:4      | Reached XP level 5. HP: 53/53 MP: 4/4
  1717 | D:4      | Found an opulent altar of Gozag.
  1762 | D:4      | Reached ** piety under Jiyva
  2112 | D:4      | Reached XP level 6. HP: 49/61 MP: 5/5
  2508 | D:5      | Entered Level 5 of the Dungeon
  2508 | D:5      | Found a bloodstained altar of Trog.
  2518 | D:5      | Reached *** piety under Jiyva
  2633 | D:5      | Slain by a wight

Illustrated notes

Levels and vault maps discovered:
D:1:      eino_arrival_druids_welcome, layout_rooms
D:2:      layout_basic, minmay_tetromino_i2
D:3:      layout_rooms, general_overflow_altar, ebering_ecumenical_altar_rust
D:4:      layout_loops_ring, mainiacjoe_overflow_tiny_flanked, minmay_pentangle
D:5:      layout_basic, nicolae_yredelemnul_ghost_church,
          mainiacjoe_overflow_boulevard, gup_sewer_entry_bowl

Skill      XL: |  1  2  3  4  5  6 |
---------------+-------------------+-----
Maces & Flails | 2 3 |  3.6
Fighting       | 3 |  3.8
Dodging        | 3 |  3.7
Armour         | 1 2 |  2.1
Shields        | |  2.9

Action                   |  1- 3 |  4- 6 || total
-------------------------+-------+-------++-------
Melee: Flail             |   170 |    96 ||   266
       Whip              |       |   115 ||   115
  Use: Scroll            |       |     4 ||     4
       Potion            |       |     5 ||     5
Armor: Robe              |   128 |    54 ||   182
Dodge: Dodged            |   125 |    95 ||   220
Block: Kite shield       |   113 |    86 ||   199

Table legend: (Time is in decaauts)
 A = Elapsed time spent in this place.
 B = Non-inter-level travel time spent in this place.
 C = Inter-level travel time spent in this place.
 D = Time resting spent in this place.
 E = Time spent auto-exploring this place.
 F = Levels seen in this place.
 G = Mean time per level.
                   A        B        C        D        E       F      G
               +--------+--------+--------+--------+--------+-----+--------+
         Total |   2750 |   2690 |     60 |      0 |   1627 |   5 |  550.0 |
       Dungeon |   2750 |   2690 |     60 |      0 |   1627 |   5 |  550.0 |
               +--------+--------+--------+--------+--------+-----+--------+

Top non-repeatable levels by time:
     D:4: 854 daAuts
     D:2: 730 daAuts
     D:1: 543 daAuts
     D:3: 511 daAuts
     D:5: 110 daAuts
